 Dungeon Crawl Stone Soup version 0.26.1-11-gd32895ea62 (webtiles) character file.

Game seed: 3446218158640517339

451 Revguard the Slasher (level 6, -2/48 HPs)
             Began as a Demonspawn Gladiator on July 7, 2021.
             Was a Believer of Wu Jian.
             Slain by a mummy (14 damage)
             ... in an ossuary.
             The game lasted 00:13:48 (3855 turns).

Revguard the Slasher (Demonspawn Gladiator)         Turns: 3855, Time: 00:13:48

Health: -2/48      AC:  4    Str: 15    XL:     6   Next: 75%
Magic:  9/9        EV: 13    Int: 11    God:    Wu Jian [**....]
Gold:   132        SH:  0    Dex: 14    Spells: 10/10 levels left

rFire    . . .     SeeInvis .   a - +1 long sword
rCold    . . .     Faith    .   (no shield)
rNeg     . . .     Spirit   .   b - +0 leather armour
rPois    .         Reflect  .   (helmet restricted)
rElec    .         Harm     .   (no cloak)
rCorr    .         Rampage  .   (no gloves)
Will     +....                  (no boots)
Stlth    +.........             (no amulet)
HPRegen  0.16/turn              f - ring of willpower
MPRegen  0.11/turn              (no ring)

@: confused
A: horns 1, rugged brown scales 1, demonic guardian 2
a: Renounce Religion, Wall Jump


You were in an ossuary.
You worshipped Wu Jian.
Wu Jian was pleased with you.
You visited 1 branch of the dungeon, and saw 4 of its levels.
You also visited: Ossuary.

You collected 132 gold pieces.

Inventory:

Hand Weapons
 a - a +1 long sword (weapon)
Missiles
 d - 3 throwing nets (quivered)
Armour
 b - a +0 leather armour (worn)
Jewellery
 f - a ring of willpower (left hand)
Scrolls
 h - a scroll of remove curse
 i - 3 scrolls of teleportation
 k - a scroll of fog
Potions
 g - a potion of magic {unknown}
 n - a potion of mutation {unknown}


   Skills:
 + Level 3.5 Fighting
 + Level 3.9 Long Blades
 - Level 1.7 Throwing
 + Level 2.6 Armour
 + Level 3.9 Dodging
 + Level 2.6 Spellcasting


You had 10 spell levels left.
You didn't know any spells.
Your spell library was empty.

Dungeon Overview and Level Annotations

Branches:
Dungeon (4/15)            Ossuary (1/1)
 Temple: D:4-7

Altars:
Kikubaaqudgha
Okawaru
Trog
Wu Jian

Shops:
D:4 *


Innate Abilities, Weirdness & Mutations

You have a pair of small horns on your head.
You are partially covered in rugged brown scales. (AC +1, +3% HP)
A demonic guardian rushes to your aid.


Message History

The mummy is lightly damaged.
The mummy barely misses you.
You spin and attack the mummy.
You closely miss the mummy.
The mummy is lightly damaged.
You spin and attack the mummy.
You hit the mummy.
The mummy is lightly damaged.
The mummy hits you!
You hit the mummy.
The mummy is moderately damaged.
You spin to attack the mummy, but your attack speed is too slow for a blow to land.
You spin to attack the mummy, but your attack speed is too slow for a blow to land.
The mummy closely misses you.
You riposte.
You slash the mummy!
The mummy is severely damaged.
You spin and attack the mummy.
You hit the mummy but do no damage.
The mummy is severely damaged.
The mummy hits you!
* * * LOW HITPOINT WARNING * * *
You are confused.
You feel invigorated. The mummy hits you!
You die...

####### ############
..#...#?!?!#...#M..#
^.'.∩.#?((!+.∩.M@..#
..#...#?!!!#...#...#
..##### ###### #...#
^^# #...# '## ###'#
^^# #^.^# ^^# #.^^#
^^# #.^^# ..# #^.^#


You could see 2 mummies.

Vanquished Creatures
  2 water moccasin zombies (Ossuary)
  An orc wizard (D:2)
  A big kobold zombie (Ossuary)
  5 adders
  6 adder zombies (Ossuary)
  A worm (D:2)
  2 dart slugs (D:2)
  2 leopard geckos
  4 orcs
  4 bats
  4 bat skeletons (D:3)
  A bat zombie (D:3)
  6 giant cockroaches
  3 gnoll zombies (Ossuary)
  8 hobgoblins
  6 jackals (D:3)
  9 kobolds
  A ball python (D:2)
  6 frilled lizards
  10 goblins
  4 hobgoblin zombies (Ossuary)
  5 kobold zombies (Ossuary)
  8 orc zombies (Ossuary)
  7 rats
106 creatures vanquished.

Vanquished Creatures (collateral kills)
  A water moccasin zombie (Ossuary)
  3 vampire bats (D:3)
  An orc priest (D:2)
  A big kobold zombie (Ossuary)
6 creatures vanquished.

Vanquished Creatures (others)
  A wizard (D:3)
1 creature vanquished.

Grand Total: 113 creatures vanquished

Notes
Turn   | Place    | Note
-------+----------+-------------------------------------------
     0 | D:1      | Revguard the Demonspawn Gladiator began the quest for the
                  | Orb.
     0 | D:1      | Reached XP level 1. HP: 16/16 MP: 1/1
   267 | D:1      | Gained mutation: You have a pair of small horns on your
                  | head. [demonic ancestry]
   267 | D:1      | Reached XP level 2. HP: 20/22 MP: 2/2
  1003 | D:2      | Gained mutation: You are partially covered in rugged brown
                  | scales. (AC +1, +3% HP) [demonic ancestry]
  1003 | D:2      | Reached XP level 3. HP: 15/28 MP: 4/4
  1191 | D:2      | Reached skill level 1 in Spellcasting
  1218 | D:2      | Reached skill level 1 in Armour
  1831 | D:2      | Found an ornate altar of the Wu Jian Council.
  1837 | D:2      | Noticed a spectral centipede
  1837 | D:2      | Noticed a spectral black mamba
  1837 | D:2      | Noticed a spectral cane toad
  1838 | D:2      | Became a worshipper of the Wu Jian Council
  1881 | D:2      | Gained mutation: A weak demonic guardian rushes to your
                  | aid. [demonic ancestry]
  1881 | D:2      | Reached XP level 4. HP: 21/35 MP: 4/6
  2358 | D:2      | Found an iron altar of Okawaru.
  2623 | D:3      | Reached * piety under Wu Jian
  2635 | D:3      | Gained mutation: A demonic guardian rushes to your aid.
                  | [demonic ancestry]
  2635 | D:3      | Reached XP level 5. HP: 27/41 MP: 7/7
  2984 | D:3      | Found a bloodstained altar of Trog.
  2992 | D:3      | Noticed a wizard
  2997 | D:3      | Killed a wizard
  3395 | D:3      | Found an ancient bone altar of Kikubaaqudgha.
  3516 | D:4      | Found Gozag's Platinum Reserve.
  3517 | D:4      | Found a sand-covered staircase.
  3526 | Ossuary  | Entered an ossuary
  3556 | Ossuary  | Reached XP level 6. HP: 46/48 MP: 9/9
  3558 | Ossuary  | Reached ** piety under Wu Jian
  3855 | Ossuary  | Slain by a mummy

Illustrated notes

Levels and vault maps discovered:
D:1:      psy_arrival_dodecagon, layout_loops_ring, chequers_serial_rivers_marsh
D:2:      layout_loops_ring, pdpol_wu_jian_five_deadly_venoms,
          okawaru_altar_gauntlet_db
D:3:      layout_basic, kennysheep_vampire_church, trog_wizard
D:4:      layout_loops_ring, nicolae_gozag_zags_fifth_avenue,
          nicolae_ossuary_entry_ruins
Ossuary:  ossuary_tomb_2

Skill      XL: |  1  2  3  4  5 |
---------------+----------------+-----
Spellcasting   | 1 2 |  2.6
Long Blades    | 3 |  3.9
Dodging        | 3 |  3.9
Armour         | 1 2 |  2.6
Fighting       | 3 |  3.5
Throwing       | |  1.7

Action                   |  1- 3 |  4- 6 || total
-------------------------+-------+-------++-------
Melee: Long sword        |    95 |   215 ||   310
       Headbutt          |    19 |    41 ||    60
Throw: Throwing net      |       |     1 ||     1
Invok: Lunge             |     2 |    22 ||    24
       Whirlwind         |       |    22 ||    22
  Use: Potion            |       |     5 ||     5
       Scroll            |       |     6 ||     6
Armor: Leather armour    |    24 |    51 ||    75
Dodge: Dodged            |    83 |   158 ||   241
       Rpst.: Long sword |    24 |    44 ||    68
